Map: Bridgehead LE (Void)

Players

CunningStunt - Winner!

  • Race: Protoss Protoss
  • League: Gold

Wyros

  • Race: Terran Terran
  • League: Grandmaster

VOD

Have the link to the VOD?

Description

Time

  • Played on: Sept. 12, 2015, 5:14 a.m.
  • Length: 4:20
Show
View Real Time Build Order
Export as new Build Order

CunningStunt Protoss - Winner!

Build Orders: 1 Gate Expand 

Get SALT Encoding   

  12  0:00  Probe (Chrono Boost)  
  13  0:10  Probe (Chrono Boost)  
  14  0:18  Pylon  
  14  0:21  Probe (Chrono Boost)  
  15  0:35  Probe (Chrono Boost)  
  15  0:39  Gateway  
  16  0:45  Probe (Chrono Boost)  
  17  0:55  Probe (Chrono Boost)  
  18  1:14  Nexus  
  18  1:20  Assimilator  
  18  1:29  Cybernetics Core  
  18  1:35  Assimilator  
  18  1:37  Probe (Chrono Boost)  
  19  1:47  Probe (Chrono Boost)  
  20  1:57  Probe (Chrono Boost)  
  20  2:00  Pylon  
  21  2:07  Probe (Chrono Boost)  
  22  2:18  Mothership Core (Chrono Boost)  
  22  2:21  Adept (Chrono Boost)  
  26  2:28  Probe (Chrono Boost)  
  27  2:36  Probe x2 (Chrono Boost)  
  29  2:46  Probe, Adept (Chrono Boost)  
  29  2:47  Probe  
  33  2:55  Assimilator  
  33  2:56  Probe, Assimilator  
  33  3:03  Pylon  
  34  3:06  Probe (Chrono Boost)  
  34  3:11  Probe (Chrono Boost)  
  36  3:20  Probe (Chrono Boost)  
  36  3:21  Probe (Chrono Boost)  
  36  3:22  Stargate  
  38  3:30  Probe (Chrono Boost)  
  38  3:33  Pylon  
  38  3:34  Probe (Chrono Boost)  
  39  3:40  Probe (Chrono Boost)  
  41  3:44  Probe (Chrono Boost)  
  42  3:53  Probe (Chrono Boost)  
  42  3:54  Probe (Chrono Boost)  
  44  4:03  Probe (Chrono Boost)  
  44  4:04  Probe (Chrono Boost)  
Show
View Real Time Build Order
Export as new Build Order

Wyros Terran 

Build Orders: Command Center First (CC) 

Get SALT Encoding   

  12  0:01  SCV  
  13  0:15  Supply Depot  
  13  0:18  SCV  
  14  0:31  SCV  
  15  0:44  SCV  
  16  0:56  SCV  
  17  1:02  Command Center  
  17  1:09  SCV  
  17  1:23  Barracks  
  17  1:30  SCV  
  18  1:43  Refinery  
  18  1:45  SCV  
  19  1:52  Supply Depot  
  19  1:58  SCV  
  20  2:10  SCV  
  21  2:16  Marine  
  21  2:21  Refinery  
  22  2:24  Barracks, Orbital Command  
  22  2:32  Orbital Command  
  22  2:54  SCV  
  22  2:57  Barracks Reactor  
  23  3:02  Factory  
  23  3:06  SCV x2  
  25  3:18  SCV x2  
  27  3:23  Barracks Tech Lab  
  27  3:35  SCV x2  
  28  3:44  Marine x2  
  28  3:45  Marauder  
  28  3:47  SCV x2  
  34  3:48  Factory Tech Lab  
  34  3:56  Barracks  
  34  3:58  Starport  
  34  4:08  Supply Depot  
Tags
 
Add a new tag
Caveats
  • Supply blocks, unpowered buildings, or Contaminate may cause inaccurate times.
  • Supply counts are checked every 10 seconds.